 Dungeon Crawl Stone Soup version 0.22-a0-619-ga0c6fd2 (webtiles) character file.

53 yoda5477 the Conjurer (level 3, 0/20 HPs)
             Began as a Gargoyle Conjurer on July 14, 2018.
             Slain by a goblin
             ... wielding a +1 dagger of draining
             ... led by Robin
              (1 damage)
             ... on level 2 of the Dungeon.
             The game lasted 00:08:01 (1358 turns).

yoda5477 the Conjurer (Gargoyle Conjurer)           Turns: 1358, Time: 00:08:02

Health: 0/20       AC:  6    Str: 11    XL:     3   Next: 87%
Magic:  2/6        EV: 12    Int: 16    God:
Gold:   24         SH:  0    Dex: 10    Spells: 4/7 levels left

rFire    . . .     SeeInvis .   b - +0 hand axe
rCold    . . .     Gourm    .   (no shield)
rNeg     + . .     Faith    .   a - +0 robe
rPois    ∞         Spirit   .   d - +0 hat
rElec    +         Reflect  .   e - +0 cloak
rCorr    .         Harm     .   (no gloves)
MR       .....                  (no boots)
Stlth    ++........             (no amulet)
HPRegen  0.06/turn              (no ring)
MPRegen  0.10/turn              (no ring)

@: slowed, very slow
A: negative energy resistance 1, electricity resistance, unbreathing,
petrification resistance, rot immunity, AC +3
a: no special abilities


You were on level 2 of the Dungeon.
You were hungry.

You visited 1 branch of the dungeon, and saw 2 of its levels.

You collected 24 gold pieces.

Inventory:

Hand Weapons
 b - a +0 hand axe (weapon)
 g - a +0 dagger
 j - a +0 whip
 k - a +0 spear
 s - a cursed -3 whip
 t - a cursed -1 war axe
Armour
 a - a +0 robe (worn)
 d - a +0 hat (worn)
 e - a +0 cloak (worn)
Scrolls
 f - a scroll of immolation {unknown}
 h - a scroll of identify {unknown}
 i - a scroll of fear {unknown}
 l - a scroll of enchant armour {unknown}
 n - a scroll of remove curse {unknown}
 r - a scroll of noise {unknown}
Potions
 m - a potion of haste {unknown}
 p - a potion of brilliance {unknown}
 q - a potion of might {unknown}
Comestibles
 c - 2 rations
 o - 5 chunks of flesh


   Skills:
 * Level 1.2 Fighting
 - Level 1.5 Dodging
 - Level 2.1 Stealth
 * Level 2.6 Spellcasting
 + Level 5.2 Conjurations


You had 4 spell levels left.
You knew the following spells:

 Your Spells              Type           Power        Failure   Level  Hunger
a - Magic Dart            Conj           ###.         2%          1    #......
b - Searing Ray           Conj           ###...       3%          2    ##.....

Your spell library contained the following spells:

 Spells                   Type           Power        Failure   Level  Hunger
 Iskenderun's Mystic Bla  Conj           ###.....     22%         4    #####..
 Fulminant Prism          Conj/Hex       ##........   54%         4    #####..
 Dazzling Spray           Conj/Hex       ##....       21%         3    ###....
 Force Lance              Conj/Tloc      ##......     54%         4    #####..


Dungeon Overview and Level Annotations

Branches:
Dungeon (2/15)

Altars:

Annotations:
D:2 Natasha, Robin


Innate Abilities, Weirdness & Mutations

You are resistant to torment.
Your stone body is resilient. (AC +3)
You are immune to poison.
You resist negative energy. (rN+)
You are resistant to electric shocks. (rElec)
You can survive without breathing.
You are immune to petrification.
You are immune to rotting.


Message History

A goblin comes into view. It is wielding a dagger.
The hobgoblin shouts!
You hear a shout! x3
The kobold barely misses you. Natasha casts a spell at you.
You resist with significant effort. The goblin misses you.
A goblin, a hobgoblin and Robin come into view.
Robin is wielding a short sword of venom.
Robin shouts!
Robin throws the goblin at you!
* * * LOW HITPOINT WARNING * * *
The kobold hits you but does no damage.
A hobgoblin comes into view. It is wielding a club.
A goblin comes into view. It is wielding a club.
The goblin shouts!
The goblin hits you but does no damage. x3
A hobgoblin comes into view. It is wielding a club.
Robin roars a battlecry!
The goblins go into a battle-frenzy!
The goblin hits you with a dagger of draining.
You die...

.g.g g# #g.. g. # #.g g###
#g. g.. #S###.######
#.#.........
#############S#g........ .
)...........hg@.......
#########((.§K#Kg.......
.##.....#.#######'######
.##.....#.# #.#
.##.(...#.##### #.#
.+............# #.# #####
.####.........###.###...###
....'.....................
..
..###.........###.###...##
.# ..


You could see Robin, Natasha, an adder, 2 hobgoblins, 4 goblins and 2 kobolds.

Vanquished Creatures
  Natasha (D:2)
  2 dart slugs (D:2)
  A leopard gecko (D:2)
  2 goblins (D:1)
  3 hobgoblins
  A quokka (D:2)
  2 ball pythons
  4 bats
  2 frilled lizards (D:2)
  2 kobolds (D:1)
  5 rats
25 creatures vanquished.

Notes
Turn   | Place    | Note
-------+----------+-------------------------------------------
     0 | D:1      | yoda5477 the Gargoyle Conjurer began the quest for the Orb.
     0 | D:1      | Reached XP level 1. HP: 10/10 MP: 3/3
   556 | D:1      | Reached XP level 2. HP: 16/16 MP: 3/5
   615 | D:1      | Learned a level 2 spell: Searing Ray
  1114 | D:2      | Reached skill level 5 in Conjurations
  1216 | D:2      | Reached XP level 3. HP: 15/20 MP: 2/6
  1267 | D:2      | Noticed Natasha
  1294 | D:2      | Reached skill level 1 in Fighting
  1297 | D:2      | Killed Natasha
  1336 | D:2      | Noticed Natasha
  1357 | D:2      | Noticed Robin
  1357 | D:2      | HP: 1/20 [Robin/goblin (1)]
  1358 | D:2      | Slain by a goblin

Vault maps used:
D:1:      lightli_arrival_isolated_outpost, serial_bayou, serial_bayou_pond_d,
          serial_bayou_shore_b, serial_bayou_lake_a, serial_bayou_shore_a,
          serial_bayou_pond_d
D:2:      kennysheep_the_goblin_king, cheibriados_altar_1, uniq_robin,
          uniq_sigmund, uniq_natasha

Skill      XL: |  1  2  3 |
---------------+----------+-----
Conjurations   | 5 |  5.2
Fighting       | 1 |  1.2
Dodging        | |  1.5
Stealth        | |  2.1
Spellcasting   | |  2.6

Action                   || total
-------------------------++-------
Melee: Hand axe          ||    27
 Cast: Magic Dart        ||    26
       Searing Ray       ||     8
  Eat: Chunk             ||     2
Armor: Robe              ||    19
Dodge: Dodged            ||    41

Table legend:
 A = Spawn XP
 B = Non-spawn XP
 C = Spawn XP percentage of total XP
 D = Spawn monster count
 E = Non-spawn monster count
 F = Spawn count percentage of total count
 G = Total turns spent on level
                    A         B        C        D         E        F      G
               +---------+---------+-------+---------+---------+-------+---------
         Total |       0 |      76 |   0.0 |       0 |      25 |   0.0 |  1358
               +---------+---------+-------+---------+---------+-------+---------
           D:1 |       0 |      17 |   0.0 |       0 |      11 |   0.0 |   970
           D:2 |       0 |      59 |   0.0 |       0 |      14 |   0.0 |   388
               +---------+---------+-------+---------+---------+-------+---------
